 Dungeon Crawl Stone Soup version 0.17-a0-1831-gaadb308 (webtiles) character file.

219 luca467 the Grave Robber (level 5, 0/35 HPs)
             Began as a Mummy Necromancer on Sept 14, 2015.
             Killed from afar by an orc (7 damage)
             ... with a wand of magic darts
             ... on level 4 of the Dungeon.
             The game lasted 00:24:34 (3895 turns).

luca467 the Grave Robber (Mummy Necromancer)        Turns: 3895, Time: 00:24:34

Health: 0/35       AC:  4    Str: 11    XL:     5   Next: 63%
Magic:  7/10       EV: 13    Int: 16    God:
Gold:   155        SH:  0    Dex: 12    Spells: 2 memorised, 6 levels left

rFire  x . .     SeeInvis +     f - +0 dagger
rCold  + . .     Clarity  .     a - +0 robe
rNeg   + + +     SustAt   .     (no shield)
rPois  ∞         Gourm    .     o - +0 helmet
rElec  .         Spirit   .     (no cloak)
rCorr  .         Warding  .     (no gloves)
rMut   .         Stasis   .     h - +0 pair of boots
MR     .....                    (no amulet)
Stlth  ++........               (no ring)
                                e - ring of see invisible

@: not resistant to hostile enchantments, unstealthy
A: no food or potions, fire vulnerability, cold resistance 1, negative energy
resistance 3, torment resistance, unbreathing
a: no special abilities


You were on level 4 of the Dungeon.
You were not hungry.

You visited 1 branch of the dungeon, and saw 4 of its levels.

You collected 155 gold pieces.

Inventory:

Hand weapons
 f - a +0 dagger (weapon)
 j - a +0 quarterstaff
Missiles
 c - a throwing net (quivered)
Armour
 a - a +0 robe (worn)
 h - a +0 pair of boots (worn)
 o - a +0 helmet (worn)
Jewellery
 e - a ring of see invisible (left hand)
 g - an uncursed amulet of resist corrosion {unknown}
 i - a +3 ring of intelligence {unknown}
Scrolls
 d - a scroll of blinking
 k - 2 scrolls of identify
 n - a scroll of teleportation {unknown}
Books
 b - a book of Necromancy

   Spells                             Type                      Level
   a - Pain                           Necromancy                   1
   b - Animate Skeleton               Necromancy                   1
   c - Vampiric Draining              Necromancy                   3
   d - Regeneration                   Charms/Necromancy            3
   e - Animate Dead                   Necromancy                   4
   f - Control Undead                 Necromancy                   4


   Skills:
 + Level 2.8 Dodging
 - Level 1.5 Stealth
 * Level 3.9 Spellcasting
 + Level 5.0 Necromancy


You had 6 spell levels left.
You knew the following spells:

 Your Spells              Type           Power        Failure   Level  Hunger
a - Pain                  Necr           ###.         1%          1    N/A
b - Animate Dead          Necr           N/A          21%         4    N/A

Dungeon Overview and Level Annotations

Branches:
Dungeon (4/15)
 Temple: D:4-7

Altars:

Annotations:
D:3 4thArraOfDagon's ghost, weakling CeAE


Innate Abilities, Weirdness & Mutations

You do not eat or drink.
Your flesh is vulnerable to fire.
You are immune to poison.
Your flesh is cold resistant.
You are immune to negative energy.
You are immune to unholy pain and torment.
You can survive without breathing.


Message History

a club; 8 stones You start resting.
An orc comes into view. It is wielding a falchion.
You swap places.
Things that are here:
a club; 8 stones The orc zaps a wand.
The magic dart hits your adder zombie.
Your adder zombie is destroyed!
It is a wand of magic darts.
The orc zaps a wand.
The magic dart hits you!
The orc zaps a wand.
The magic dart hits you!
The orc zaps a wand.
The magic dart hits you!
The orc zaps a wand.
The magic dart hits you!
The orc zaps a wand.
The magic dart hits you!
* * * LOW HITPOINT WARNING * * *
The orc zaps a wand.
The magic dart hits you!
* * * LOW HITPOINT WARNING * * *
Found a stone staircase leading up.
The orc zaps a wand.
The magic dart hits you!
You die...

#.#....# ....# #..o.#.#
.#o.. ##.#.#.# ...
#.#.#[#######o#
#.#.#(.....)..#
##.#.##o######)...#
#..#.##.# .####
#..#o##.# #.#
#.@#.##.### #[#
#..#.##...# #.#
#.......#.# #.#
###...[##.#.# #.#
##Z#.....#.#.## #.#
##Z#..#........# #.#
##Z###.......#..###.####
#Z## ##.........)[).....
##Z###..##.#######(#####


You could see an orc.

Vanquished Creatures
  A giant frog skeleton (D:4)
  2 orc priests (D:3)
  An orc wizard (D:4)
  2 adders
  5 giant geckos
  11 orcs
  5 bats
  3 giant cockroaches (D:2)
  6 goblins
  7 hobgoblins
  3 ball pythons
  3 giant newts
  3 jackals (D:4)
  10 kobolds
  4 quokkas
  8 rats
74 creatures vanquished.

Vanquished Creatures (collateral kills)
  An orc (D:4)
1 creature vanquished.

Vanquished Creatures (others)
  3 fungi (D:3)
3 creatures vanquished.

Grand Total: 78 creatures vanquished

Notes
Turn   | Place    | Note
--------------------------------------------------------------
     0 | D:1      | luca467 the Mummy Necromancer began the quest for the Orb.
     0 | D:1      | Reached XP level 1. HP: 13/13 MP: 3/3
   195 | D:1      | Reached XP level 2. HP: 19/19 MP: 3/5
  1306 | D:2      | Reached XP level 3. HP: 24/24 MP: 3/6
  2463 | D:3      | Reached XP level 4. HP: 30/30 MP: 4/8
  2585 | D:3      | Noticed 4thArraOfDagon's ghost (weakling CeAE)
  2949 | D:3      | Learned a level 4 spell: Animate Dead
  2975 | D:3      | Reached XP level 5. HP: 35/35 MP: 8/10
  3278 | D:4      | Reached skill level 5 in Necromancy
  3895 | D:4      | Killed from afar by an orc

Vault maps used:
D:1:      dpeg_arrival_tiny_g
D:3:      first_bread, minmay_gold_behind_fungi
D:4:      kennysheep_six_static_rooms, enter_ossuary_5,
          small_statue_intersection, nemelex_lonely_heart_becter

Action                   |  1- 3 |  4- 6 || total
-------------------------+-------+-------++-------
Melee: Dagger            |     3 |    60 ||    63
 Cast: Pain              |    95 |    57 ||   152
       Animate Dead      |       |     3 ||     3
  Use: Scroll            |     2 |     7 ||     9
 Stab: Sleeping          |       |     1 ||     1
